AoeStats
← khalil_II

QS Arena

503249463Analyzed
2v2 RM · 1mo ago on Aug 30, 2026· 43m 18s· 4 players
Game mode
Random Map
Map size
Medium (4 player)
Population
200
Speed
Normal
Resources
Standard
Victory
Conquest
Starting age
Dark Age
Ending age
Imperial Age
RankedLock teamsTeams togetherTeam positionsShared explorationLock speedFull tech treeHidden civsTurbo modeCheats
Victory
Defeat
🇦🇷 Japanese · Argentina
882
+17
🇦🇷 Spanish · Argentina
882
+17
🇹🇷 Persians · Türkiye
912
-49
🇹🇷 Gurjaras · Türkiye
912
-49
khalil_II
9:16 Feudal Age
11:10 Loom
13:47 Castle Age
12:16 Double-Bit Axe
12:16 Horse Collar
14:41 Loom
15:26 Town Watch
16:19 Wheelbarrow
17:47 Town Watch
19:27 Gold Mining
21:14 Town Patrol
21:39 Stone Mining
25:01 Bow Saw
27:29 Imperial Age
25:22 Ballistics
26:17 Scale Mail Armor
27:14 Hand Cart
27:24 Caravan
27:38 Forging
27:45 Chain Mail Armor
27:17 Gambesons
27:35 Squires
27:22 Arson
28:33 Conscription
28:38 Kataparuto
27:48 Pikeman
28:43 Fletching
29:55 Chemistry
29:00 Siege Engineers
29:20 Husbandry
29:27 Padded Archer Armor
30:14 Parthian Tactics
30:58 Elite Skirmisher
31:01 Heavy Cavalry Archer
32:15 Thumb Ring
32:10 Elite Skirmisher
33:57 Bodkin Arrow
34:19 Leather Archer Armor
34:43 Iron Casting
34:39 Plate Mail Armor
35:29 Bracer
35:41 Halberdier
38:34 Elite Samurai
43:08 Ring Archer Armor
43:41 Blast Furnace
abboood1998
2:13 Loom
6:35 Loom
9:46 Feudal Age
11:04 Wheelbarrow
10:15 Town Watch
10:17 Double-Bit Axe
10:15 Horse Collar
10:27 Gold Mining
19:15 Castle Age
18:37 Stone Mining
21:01 Town Patrol
23:36 Hand Cart
24:33 Caravan
25:58 Heavy Plow
27:56 Squires
27:17 Pikeman
30:53 Imperial Age
32:07 Conscription
33:01 Conscription
32:46 Squires
32:52 Husbandry
32:13 Light Cavalry
33:04 Fletching
33:27 Forging
33:18 Scale Mail Armor
33:23 Scale Barding Armor
34:02 Fortified Wall
33:21 Pikeman
34:46 Bloodlines
35:15 Stone Shaft Mining
35:05 Bow Saw
39:54 Hoardings
38:40 Elite Conquistador
42:16 Halberdier
42:46 Arson
DustRick
7:26 Feudal Age
8:15 Double-Bit Axe
11:02 Gold Mining
11:17 Stone Mining
12:11 Horse Collar
20:10 Castle Age
21:07 Bow Saw
21:54 Gold Shaft Mining
26:45 Imperial Age
26:21 Padded Archer Armor
26:15 Fletching
26:14 Crossbowman
27:13 Thumb Ring
27:35 Kamandaran
28:47 Wheelbarrow
31:15 Leather Archer Armor
31:49 Hand Cart
32:12 Ballistics
33:00 Chemistry
33:39 Ring Archer Armor
33:06 Bodkin Arrow
34:43 Two-Man Saw
33:47 Heavy Plow
34:47 Conscription
34:54 Conscription
36:01 Elite War Elephant
37:09 Scale Barding Armor
37:32 Masonry
theConqueror
7:47 Feudal Age
8:19 Double-Bit Axe
8:15 Horse Collar
9:18 Gold Mining
11:56 Stone Mining
16:11 Scale Barding Armor
16:17 Forging
21:46 Castle Age
22:08 Bloodlines
23:29 Gold Shaft Mining
23:31 Stone Shaft Mining
23:08 Bow Saw
23:00 Heavy Plow
24:57 Iron Casting
25:41 Husbandry
26:16 Chain Barding Armor
31:10 Wheelbarrow
30:20 Town Watch
31:47 Treadmill Crane
32:28 Ballistics
32:56 Hand Cart
32:43 Town Patrol
36:07 Imperial Age
37:29 Plate Barding Armor
37:19 Masonry
36:52 Heavy Camel Rider
39:14 Elite Chakram Thrower
40:16 Conscription
Connection lost

Rejoining the realm…

Still unreachable

The connection could not be restored.

Session expired

The server has moved on; the page needs a fresh start.